 Dungeon Crawl Stone Soup version 0.30-a0-639-g3916f1956a (webtiles) character file.

Game seed: 13048099723280926902

147 Newt the Sneak (level 5, 0/38 HPs)
             Began as a Demonspawn Gladiator on Jan 15, 2023.
             Splashed by a jelly's acid (5 damage)
             ... on level 4 of the Dungeon.
             The game lasted 00:02:12 (2258 turns).

Newt the Sneak (Demonspawn Gladiator)               Turns: 2258, Time: 00:02:13

Health: 0/38       AC:  0    Str: 17    XL:     5   Next: 7%
Magic:  5/5        EV: 12    Int:  9    God:
Gold:   1396       SH:  0    Dex: 14    Spells: 4/4 levels left

rFire   . . .      SeeInvis .    m - +0 trident (protect)
rCold   . . .      Faith    .    (no shield)
rNeg    . . .      Spirit   .    b - +0 leather armour
rPois   .          Reflect  .    c - +0 helmet
rElec   .          Harm     .    (no cloak)
rCorr   .          Rampage  .    (no gloves)
Will    .....                    g - +0 pair of boots
Stlth   +++                      (no amulet)
HPRegen 0.26/turn                (no ring)
MPRegen 0.09/turn                (no ring)

@: corroded, under a protective aura
A: weakness stinger 2
a: no special abilities


You were on level 4 of the Dungeon.
You visited 1 branch of the dungeon, and saw 4 of its levels.

You collected 1396 gold pieces.

Inventory:

Hand Weapons
 a - a +0 rapier
 m - a +0 trident of protection (weapon)
Missiles
 d - 3 throwing nets (quivered)
 e - a javelin
Armour
 b - a +0 leather armour (worn)
 c - a +0 helmet (worn)
 g - a +0 pair of boots (worn)
Wands
 f - a wand of roots (8)
Scrolls
 l - 4 scrolls of teleportation
 n - a scroll of poison {unknown}
 o - a scroll of fog
Potions
 h - a potion of resistance
 i - 2 potions of brilliance
 j - 4 potions of curing
 k - a potion of heal wounds {unknown}
 p - a potion of flight {unknown}


   Skills:
 - Level 2.0 Fighting
 - Level 2.6 Short Blades
 - Level 1.7 Throwing
 - Level 2.6 Dodging
 + Level 4.8 Stealth


You had 4 spell levels left.
You didn't know any spells.
Your spell library contained the following spells:

 Spells                   Type           Power      Damage    Failure   Level
 Lesser Beckoning         Tloc           0%         N/A       58%         2
 Gell's Gravitas          Tloc           0%         N/A       83%         3
 Teleport Other           Tloc           0%         N/A       83%         3


Dungeon Overview and Level Annotations

Branches:
Dungeon (4/15)
 Temple: D:4-7

Altars:


Innate Abilities, Weirdness & Mutations

You have a tail ending in a sharp stinger.


Message History

a +0 club; a +0 sling; a goblin corpse
Found 3 stones.
No target in view!
A jelly comes into view.
The jelly quivers.
The jelly moves out of view.
Found a stone staircase leading down.
You reach to attack!
You hit the jelly but do no damage.
Your weapon exudes an aura of protection.
You hit the jelly.
Your hands burn!
The jelly is moderately wounded.
The jelly closely misses you. The jelly hits you but does no damage.
You hit the jelly.
Your hands burn!
The jelly is heavily wounded.
The jelly hits you but does no damage.
You hit the jelly. The acid corrodes you!
Your hands burn!
The jelly is severely wounded.
The jelly hits you but does no damage.
You hit the jelly.
Your hands burn!
You tail-slap the jelly, but do no damage.
The jelly is almost dead.
The jelly barely misses you. The jelly hits you but does no damage.
You hit the jelly but do no damage. The acid corrodes you!
Your hands burn!
You tail-slap the jelly, but do no damage.
The jelly is almost dead.
The jelly barely misses you.
You hit the jelly but do no damage.
Your hands burn!
The jelly is almost dead.
The jelly barely misses you.
You hit the jelly.
Your hands burn!
The jelly is almost dead.
The jelly barely misses you. The jelly hits you.
You are splashed with acid!
* * * LOW HITPOINT WARNING * * *
A jelly is nearby!
You are too injured to fight recklessly!
Unknown command.
The jelly hits you.
* * * LOW HITPOINT WARNING * * *
The acid corrodes you!
You are splashed with acid.
You die...

####.###............
#..(......########
#.######..#
#######.######..#
#.................
#.###.....####.####
..........# #.#
#.###......###.#
##...@J..>.#
##.##.##### ####.#
... #.## #.# ... ..


You could see a jelly.

Vanquished Creatures
  An orc priest (D:2)
  Jessica (D:2)
  2 adders (D:3)
  A worm (D:2)
  3 dart slugs
  9 orcs
  6 endoplasms
  2 giant cockroaches (D:1)
  4 goblins
  A hobgoblin (D:3)
  4 jackals
  6 kobolds
  4 ball pythons
  6 bats
  3 frilled lizards
  4 rats
57 creatures vanquished.

Vanquished Creatures (others)
  A plant (D:4)
1 creature vanquished.

Grand Total: 58 creatures vanquished

Notes
Turn   | Place    | Note
-------+----------+-------------------------------------------
     0 | D:1      | Newt the Demonspawn Gladiator began the quest for the Orb.
     0 | D:1      | Reached XP level 1. HP: 16/16 MP: 1/1
   170 | D:1      | Reached skill level 1 in Stealth
   297 | D:1      | Gained mutation: You have a small tail. [demonic ancestry]
   297 | D:1      | Reached XP level 2. HP: 16/22 MP: 2/2
   421 | D:1      | Reached skill level 2 in Stealth
   586 | D:2      | Noticed Jessica
   591 | D:2      | Killed Jessica
   592 | D:2      | Reached skill level 3 in Stealth
   592 | D:2      | Reached XP level 3. HP: 16/27 MP: 3/3
   955 | D:2      | Gained mutation: You have a tail ending in a sharp stinger.
                  | [demonic ancestry]
   955 | D:2      | Reached XP level 4. HP: 25/33 MP: 4/4
  1170 | D:2      | Reached skill level 4 in Stealth
  1899 | D:3      | Reached XP level 5. HP: 38/38 MP: 5/5
  2126 | D:4      | Identified a scroll of acquirement
  2126 | D:4      | Acquired 1259 gold pieces
  2258 | D:4      | Splashed by a jelly's acid

Illustrated notes

Levels and vault maps discovered:
D:1:      amcnicky_arrival_single_pillar, layout_basic
D:2:      cheibrodos_pilgrimage, layout_loops_ring, uniq_jessica
D:3:      layout_basic
D:4:      layout_loops_ring, mainiacjoe_overflow_24_doors, serial_bayou,
          serial_bayou_shore_a, serial_bayou_pond_e, serial_bayou_shore_b,
          serial_bayou_shore_b, serial_bayou_pond_d

Skill      XL: |  1  2  3  4 |
---------------+-------------+-----
Stealth        | 1 3 4 |  4.8
Fighting       | |  2.0
Short Blades   | |  2.6
Throwing       | |  1.7
Dodging        | |  2.6

Action                   |  1- 3 |  4- 6 || total
-------------------------+-------+-------++-------
Melee: Rapier            |    63 |       ||    63
       Tailslap          |     6 |    13 ||    19
       Punch             |     2 |     1 ||     3
       Trident           |     6 |   130 ||   136
  Use: Scroll            |     4 |     6 ||    10
 Stab: Sleeping          |     3 |     9 ||    12
Armor: Leather armour    |    34 |    38 ||    72
Dodge: Dodged            |    44 |    75 ||   119

Table legend: (Time is in decaauts)
 A = Elapsed time spent in this place.
 B = Non-inter-level travel time spent in this place.
 C = Inter-level travel time spent in this place.
 D = Time resting spent in this place.
 E = Time spent auto-exploring this place.
 F = Levels seen in this place.
 G = Mean time per level.
                   A        B        C        D        E       F      G
               +--------+--------+--------+--------+--------+-----+--------+
         Total |   2302 |   2261 |     41 |    117 |   1658 |   4 |  575.5 |
       Dungeon |   2302 |   2261 |     41 |    117 |   1658 |   4 |  575.5 |
               +--------+--------+--------+--------+--------+-----+--------+

Top non-repeatable levels by time:
     D:2: 805 daAuts
     D:3: 759 daAuts
     D:1: 589 daAuts
     D:4: 148 daAuts
